 Dungeon Crawl Stone Soup version 0.20.1-1-g8b1a95d (webtiles) character file.

32 sheltatha the Skirmisher (level 3, 0/29 HPs)
             Began as a Demonspawn Abyssal Knight on Aug 19, 2017.
             Was a Follower of Lugonu.
             Slain by a worm (8 damage)
             ... on level 1 of the Dungeon.
             The game lasted 00:08:06 (1032 turns).

sheltatha the Skirmisher (DsAK)                     Turns: 1032, Time: 00:08:07

Health: 0/29       AC:  3    Str: 12    XL:     3   Next: 10%
Magic:  5/5        EV: 11    Int: 13    God:    Lugonu [*.....]
Gold:   92         SH:  0    Dex: 13    Spells: 2/2 levels left

rFire    . . .     SeeInvis .   a - +1 falchion
rCold    . . .     Gourm    .   (no shield)
rNeg     . . .     Faith    .   b - +0 leather armour
rPois    .         Spirit   .   (helmet restricted)
rElec    .         Reflect  .   (no cloak)
rCorr    .         Harm     .   (no gloves)
MR       .....                  (no boots)
Stlth    +.........             (no amulet)
Regen    0.1/turn               m - ring of wizardry
MPRegen  0.1/turn               (no ring)

@: no status effects
A: antennae 1, spiny 1
a: Depart the Abyss, Renounce Religion


You were on level 1 of the Dungeon.
You worshipped Lugonu.
Lugonu was aware of your devotion.
You were not hungry.

You visited 1 branch of the dungeon, and saw 2 of its levels.
You visited the Abyss 1 time.

You collected 92 gold pieces.

Inventory:

Hand Weapons
 a - a +1 falchion (weapon)
 e - a +1 dagger of flaming
Armour
 b - a +0 leather armour (worn)
 g - a cursed +0 robe
Jewellery
 m - a ring of wizardry (left hand)
Scrolls
 d - a scroll of remove curse {unknown}
Potions
 f - 2 potions of curing {unknown}
 l - a potion of flight {unknown}
Comestibles
 c - 2 bread rations
 h - 2 fruits
 j - a royal jelly


   Skills:
 - Level 3.2 Fighting
 * Level 2.6 Long Blades
 - Level 2.0 Armour
 - Level 0.8 Dodging
 + Level 0.2 Stealth
 * Level 2.7 Invocations


You had 2 spell levels left.
You didn't know any spells.

Dungeon Overview and Level Annotations

Branches:
Dungeon (2/15)

Altars:


Innate Abilities, Weirdness & Mutations

You have a pair of small antennae on your head.
You are partially covered in sharp spines.


Message History

You feel agile.
Your demonic ancestry asserts itself...
Sharp spines emerge from parts of your body.
Unknown command.
You start resting.
HP restored.
There is a stone staircase leading down here.
You climb downwards.
The worm bites you.
There is a stone staircase leading up, spattered with blood here.
Okay, then.
You barely miss the worm. You barely miss the worm. The worm bites you!
You barely miss the worm. The worm bites you.
You hit the worm.
The worm is moderately wounded.
The worm bites you.
* * * LOW HITPOINT WARNING * * *
You climb upwards.
There is a stone staircase leading down here.
The worm is struck by your spines. The worm bites you!
You die...

############ #########
#..........######........
#........w..........#####
#.......@...........#
#.....÷.............#
#########.)...÷.....#############
....§§§§...........## #......
...>§§§##.......(..# ###..#)##
....§§§##..........######....#...
####################......##.###.
#.P≈.P.<.P≈≈..#.#######.# #.
##....P...P.≈≈P### #.# #.


You could see a worm.

Vanquished Creatures
  2 oozes (D:1)
  2 dart slugs
  5 goblins (D:1)
  3 hobgoblins (D:1)
  3 kobolds (D:1)
  A bat (D:1)
  A frilled lizard (D:1)
  A rat (D:1)
18 creatures vanquished.

Notes
Turn   | Place    | Note
-------+----------+-------------------------------------------
     0 | Abyss:1  | sheltatha the Demonspawn Abyssal Knight began the quest for the Orb.
     0 | Abyss:1  | Reached XP level 1. HP: 18/18 MP: 2/2
     3 | D:1      | Escaped the Abyss
   124 | D:1      | Gained mutation: You have a pair of small antennae on your head. [demonic ancestry]
   124 | D:1      | Reached XP level 2. HP: 16/24 MP: 3/3
   402 | D:1      | Reached * piety under Lugonu
   837 | D:1      | Gained mutation: You are partially covered in sharp spines. [demonic ancestry]
   837 | D:1      | Reached XP level 3. HP: 12/29 MP: 5/5
  1032 | D:1      | Slain by a worm

Skill      XL: |  1  2 |
---------------+-------+-----
Armour         | 2 |  2.0
Long Blades    | 2 |  2.6
Fighting       | |  3.2
Dodging        | |  0.8
Stealth        | |  0.2
Invocations    | |  2.7

Action                   || total
-------------------------++-------
Melee: Falchion          ||    57
Invok: Depart the Abyss  ||     1
  Use: Scroll            ||     3
Armor: Leather armour    ||     9
Dodge: Dodged            ||    26
       Rpst.: Falchion   ||    10
